 Dungeon Crawl Stone Soup version 0.18.1-50-g88ac8fd (webtiles) character file.

60 Minion the Charmwright (level 3, -4/29 HPs)
             Began as a Draconian Skald on Oct 14, 2016.
             Killed from afar by Ijyb (11 damage)
             ... with a wand of lightning
             ... on level 2 of the Dungeon.
             The game lasted 00:07:41 (2105 turns).

Minion the Charmwright (Draconian Skald)            Turns: 2105, Time: 00:07:41

Health: -4/29      AC:  5    Str: 15    XL:     3   Next: 82%
Magic:  0/7        EV: 11    Int: 12    God:
Gold:   82         SH:  0    Dex: 10    Spells: 2 memorised, 4 levels left

rFire  . . .     SeeInvis .     a - +0 hand axe
rCold  . . .     Gourm    .     (armour unavailable)
rNeg   . . .     Faith    .     (no shield)
rPois  .         Spirit   +     (helmet restricted)
rElec  .         Dismiss  .     (no cloak)
rCorr  .         Reflect  .     (no gloves)
SustAt .         Harm     .     (no boots)
MR     .....                    k - amulet of guardian spirit
Stlth  +.........               (no ring)
                                (no ring)

@: singing, not resistant to hostile enchantments, very unstealthy
A: unfitting armour, cold-blooded, AC +5
a: Stop Singing


You were on level 2 of the Dungeon.
You were not hungry.

You visited 1 branch of the dungeon, and saw 2 of its levels.

You collected 82 gold pieces.

Inventory:

Hand Weapons
 a - a +0 hand axe (weapon)
Jewellery
 k - an amulet of guardian spirit (around neck)
Scrolls
 e - a scroll of enchant armour {unknown}
 f - a scroll of remove curse {unknown}
 g - 3 scrolls of identify {unknown}
 h - a scroll of blinking {unknown}
 l - a scroll of fog {unknown}
 m - a scroll of random uselessness {unknown}
 o - 2 scrolls of enchant weapon {unknown}
 p - a scroll of amnesia {unknown}
Potions
 d - 2 potions of curing {unknown}
 i - a potion of invisibility {unknown}
 j - a potion of heal wounds {unknown}
 q - 2 potions of cancellation {unknown}
Books
 b - a book of Battle

   Spells                             Type                      Level
   a - Infusion                       Charms                       1
   b - Shroud of Golubria             Charms/Translocation         2
   c - Song of Slaying                Charms                       2
   d - Spectral Weapon                Hexes/Charms                 3
   e - Regeneration                   Charms/Necromancy            3
Comestibles
 c - 2 bread rations
 n - a meat ration
 r - a slice of pizza
 s - a chunk of flesh


   Skills:
 + Level 2.2 Fighting
 + Level 2.8 Axes
 - Level 1.3 Dodging
 + Level 2.8 Spellcasting
 + Level 3.2 Charms


You had 4 spell levels left.
You knew the following spells:

 Your Spells              Type           Power        Failure   Level  Hunger
a - Infusion              Chrm           #...         10%         1    #......
b - Song of Slaying       Chrm           #.......     12%         2    ###....


Dungeon Overview and Level Annotations

Branches:
Dungeon (2/15)

Altars:
Ashenzari

Annotations:
D:2 Ijyb


Innate Abilities, Weirdness & Mutations

Your plain brown scales are hard (AC +5).
Your body does not fit into most forms of armour.
You are cold-blooded and may be slowed by cold attacks.


Message History

Ijyb is moderately wounded.
Ijyb hits you with a dagger.
You hit Ijyb but do no damage. You tail-slap Ijyb, but do no damage.
Ijyb is moderately wounded.
Ijyb hits you with a dagger.
* * * LOW HITPOINT WARNING * * *
You hit Ijyb but do no damage.
Ijyb is moderately wounded.
Ijyb barely misses you.
You completely miss Ijyb. You tail-slap Ijyb.
Ijyb is moderately wounded.
Ijyb hits you but does no damage.
You completely miss Ijyb.
Ijyb is moderately wounded.
Ijyb hits you but does no damage.
You hit Ijyb.
Ijyb is heavily wounded.
Ijyb hits you but does no damage.
Ijyb zaps a wand.
The bolt of lightning hits you!
You die...

####### #.)...# ..
#.....# #.#######
#.g...# #.......#
#.@...### #.......#
#.......#
####.......####.......#
...........'........>.+
..........#####......#
........รท.# #......#
####......# #......#
#)..>..# ########
###.####


You could see Ijyb.

Vanquished Creatures
  An adder (D:2)
  A worm (D:2)
  A dart slug (D:1)
  3 giant geckos
  A ball python (D:1)
  7 bats (D:1)
  A giant cockroach (D:1)
  3 goblins
  9 hobgoblins
  3 jackals (D:2)
  2 giant newts (D:2)
  5 kobolds
  5 rats
42 creatures vanquished.

Notes
Turn   | Place    | Note
--------------------------------------------------------------
     0 | D:1      | Minion the Draconian Skald began the quest for the Orb.
     0 | D:1      | Reached XP level 1. HP: 17/17 MP: 3/3
   277 | D:1      | Reached XP level 2. HP: 15/24 MP: 0/5
   332 | D:1      | Learned a level 2 spell: Song of Slaying
   430 | D:1      | Reached skill level 3 in Charms
   739 | D:2      | Reached XP level 3. HP: 23/29 MP: 3/6
   823 | D:2      | Found a shattered altar of Ashenzari.
  1727 | D:2      | Found a faded altar to an unknown god.
  2091 | D:2      | Noticed Ijyb
  2105 | D:2      | Killed from afar by Ijyb

Skill      XL: |  1  2 |
---------------+-------+-----
Charms         | 3 |  3.2
Fighting       | |  2.2
Axes           | |  2.8
Dodging        | |  1.3
Spellcasting   | |  2.8

Action                   || total
-------------------------++-------
Melee: Hand axe          ||   170
       Tailslap          ||    20
 Cast: Infusion          ||     7
       Song of Slaying   ||    13
  Eat: Bread ration      ||     1
       Chunk             ||     1
Armor: Skin              ||    71
Dodge: Dodged            ||   106
